 Dungeon Crawl Stone Soup version 0.31.0-9-g3a7656b989 (webtiles) character file.

Game seed: 10307310014545840881

23 qw the Shooter (level 2, -4/14 HPs)
             Began as a Spriggan Hunter on Feb 2, 2024.
             Killed by divine providence
             ... invoked by an orc priest
              (9 damage)
             ... on level 2 of the Dungeon.
             The game lasted 00:00:01 (441 turns).

qw the Shooter (Spriggan Hunter)                     Turns: 441, Time: 00:00:02

Health: -4/14      AC:  2    Str:  7    XL:     2   Next: 72%
Magic:  3/3        EV: 19    Int: 10    God:
Gold:   49         SH:  0    Dex: 18    Spells: 1/1 levels left

rFire   . . .        a - +0 shortbow
rCold   . . .        (shield currently unavailable)
rNeg    . . .        c - +0 robe
rPois   .            (helmet restricted)
rElec   .            (no cloak)
rCorr   .            (gloves unavailable)
SInv    +            (boots unavailable)
Will    .....        f - amulet of faith
Stlth   ++           (no ring)
HPRegen 0.22/turn    (no ring)
MPRegen 0.08/turn

%: faith
@: very quick
A: very small, no large weapons, unfitting armour, see invisible, speed 3
a: no special abilities


You were on level 2 of the Dungeon.
You visited 1 branch of the dungeon, and saw 2 of its levels.

You collected 49 gold pieces.


Innate Abilities, Weirdness & Mutations

You are very small and have problems with some larger weapons.
You are too small for most types of armour.
You have supernaturally acute eyesight. (SInv)
You cover ground extremely quickly. (Speed+++)


   Skills:
 - Level 1.5 Fighting
 + Level 4.3 Ranged Weapons
 - Level 4.0 Dodging
 - Level 1.5 Stealth


You had one spell level left.
You didn't know any spells.
Your spell library was empty.

Inventory:

Hand Weapons
 a - a +0 shortbow (weapon)
Armour
 c - a +0 robe (worn)
Jewellery
 f - an amulet of faith (around neck)

Dungeon Overview and Level Annotations

Branches:
Dungeon (2/15)

Altars:


Message History

You hear a shout! x2
An orc priest comes into view. It is wielding a +0 whip.
The orc wizard barely misses you. The orc wizard misses you.
An orc comes into view. It is wielding a +0 war axe.
The orc wizard closely misses you.
The orc shouts!
You hear a shout!
The orc wizard misses you.
You feel less confused. The orc wizard misses you.
An orc comes into view. It is wielding a +0 club.
You shoot an arrow.
The arrow completely misses the orc wizard.
The orc wizard gestures at you while chanting.
The puff of flame misses you.
You shoot an arrow.
The arrow hits the orc wizard but does no damage.
The orc wizard is moderately wounded.
You shoot an arrow. The arrow closely misses the orc.
An orc comes into view. It is wielding a +0 war axe.
You shoot an arrow. The arrow barely misses the orc.
The orc misses you.
You shoot an arrow. The arrow hits the orc.
The orc is almost dead.
The orc misses you. The orc hits you with a +0 war axe!
Ouch! That really hurt!
The orc wizard casts a spell.
The orc wizard flickers and vanishes for a moment.
You shoot an arrow. The arrow closely misses the orc.
The orc barely misses you.
You shoot an arrow. The arrow closely misses the orc.
The orc misses you.
You shoot an arrow. The arrow hits the orc!
You kill the orc!
You shoot an arrow. The arrow barely misses the orc wizard.
The orc wizard closely misses you.
The orc priest invokes the aid of Beogh against you.
Beogh smites you!
Ouch! That really hurt!
You die...

# #.# ... ###..
....oo##########
#o@<.......
#.#.###..).
#.#.# . #.#.#
..#.# ###.# #.#
#.#


You could see an orc priest, an orc wizard (invisible) and an orc.

Vanquished Creatures
  An orc (D:2)
  An endoplasm (D:1)
  2 hobgoblins (D:1)
  3 kobolds (D:1)
  A quokka (D:1)
  3 ball pythons
  2 bats (D:1)
  A frilled lizard (D:1)
  3 goblins (D:1)
  3 rats (D:1)
20 creatures vanquished.

Notes
Turn   | Place    | Note
-------+----------+-------------------------------------------
     0 | D:1      | qw the Spriggan Hunter began the quest for the Orb.
     0 | D:1      | Reached XP level 1. HP: 10/10 MP: 2/2
     0 | D:1      | 0 ||| qw: Version: 0.3-a-155-g5e7d8dd
     0 | D:1      | 0 ||| qw: Game counter: 564
     0 | D:1      | 0 ||| qw: Melee chars always use a shield: true
     0 | D:1      | 0 ||| qw: God list: Okawaru
     0 | D:1      | 0 ||| qw: Allow faded altars: false
     0 | D:1      | 0 ||| qw: Do Orc after clearing Dungeon:15 true
     0 | D:1      | 0 ||| qw: Do second Lair branch before Depths: true
     0 | D:1      | 0 ||| qw: Lair rune preference: random
     0 | D:1      | 0 ||| qw: Goals: Normal
     0 | D:1      | 0 ||| PLANNING D:1-11
    25 | D:1      | Reached skill level 3 in Dodging
   142 | D:1      | Reached XP level 2. HP: 14/14 MP: 3/3
   376 | D:1      | Found a faded altar of an unknown god.
   381 | D:1      | 381 ||| UPGRADING to amulet of faith.
   386 | D:1      | 386 ||| READING scroll labelled DENY TUAZUCEI.
   386 | D:1      | 386 ||| IDENTIFYING scroll labelled ZAPSOVU HASKU
   387 | D:1      | 387 ||| DROPPING scroll of butterflies.
   388 | D:1      | 388 ||| DROPPING scroll of poison.
   441 | D:2      | Killed from afar by an orc priest

Levels and vault maps discovered:
D:1:      heliophobic_arrival_enchanted_forest, layout_rooms,
          hellmonk_ecumenical_altar_prayer_group
D:2:      layout_basic, uniq_robin

Skill      XL: |  1  2 |
---------------+-------+-----
Dodging        | 3 4 |  4.0
Fighting       | |  1.5
Ranged Weapons | |  4.3
Stealth        | |  1.5

Action                     || total
---------------------------++-------
   Fire: Shortbow          ||    62
    Use: Scroll            ||     1
 Armour: Robe              ||     2
  Dodge: Dodged            ||    20

Table legend:
 A = Non-vault XP
 B = Vault XP
 C = Vault XP percentage of total XP
 D = Non-vault monster count
 E = Vault monster count
 F = Vault count percentage of total count
                 A         B        C        D         E       F
            +---------+---------+-------+---------+---------+-------
      Total |      31 |       2 |   6.1 |      19 |       1 |   5.0
            +---------+---------+-------+---------+---------+-------
        D:1 |      26 |       2 |   7.1 |      17 |       1 |   5.6
        D:2 |       5 |       0 |   0.0 |       2 |       0 |   0.0
            +---------+---------+-------+---------+---------+-------
